 Dungeon Crawl Stone Soup version 0.17.2-1-ge4368a0 (webtiles) character file.

6895 Goblin1989 the Grappler (level 11, -2/103 HPs)
             Began as a Naga Transmuter on Dec 3, 2016.
             Was an Elder of Okawaru.
             Slain by a troll (6 damage)
             ... on level 10 of the Dungeon.
             The game lasted 00:51:45 (11872 turns).

Goblin1989 the Grappler (Naga Transmuter)          Turns: 11872, Time: 00:51:45

Health: -2/103     AC: 12    Str: 16    XL:     11   Next: 6%
Magic:  0/14       EV: 14    Int: 13    God:    Okawaru [****..]
Gold:   558        SH:  0    Dex: 12    Spells: 4 memorised, 4 levels left

rFire  + . .     SeeInvis +       - Unarmed
rCold  . . .     Clarity  .     y - +2 leather armour {MR+}
rNeg   . . .     SustAt   .     (no shield)
rPois  +         Gourm    .     B - +0 helmet
rElec  .         Spirit   +     j - +0 cloak {rPois}
rCorr  .         Warding  .     (no gloves)
rMut   .         Stasis   .     (no barding)
MR     ++...                    b - amulet of guardian spirit
Stlth  ++++......               f - ring of protection from fire
                                e - +2 ring of protection

@: heroism, very slow, very resistant to hostile enchantments, stealthy
A: see invisible, deformed body, poison resistance, slowness 2, slow metabolism
1, spit poison 2, AC +3
a: Spit Poison, Heroism, Renounce Religion


You were on level 10 of the Dungeon.
You worshipped Okawaru.
Okawaru was greatly pleased with you.
You were hungry.

You visited 2 branches of the dungeon, and saw 11 of its levels.

You collected 558 gold pieces.

Inventory:

Hand Weapons
 w - a +0 blowgun {@w1}
Missiles
 a - 139 arrows
 l - 2 arrows of dispersal
 E - 8 curare-tipped needles
 Z - a throwing net {=f, !d}
Armour
 j - a +0 cloak of poison resistance (worn)
 y - a +2 leather armour of magic resistance (worn)
 B - a +0 helmet (worn)
Jewellery
 b - an amulet of guardian spirit (around neck)
 e - a +2 ring of protection (left hand)
 f - a ring of protection from fire (right hand)
 h - an amulet of stasis {!P}
Wands
 L - a wand of lightning (5)
Scrolls
 i - 2 scrolls of immolation {unknown}
 m - a scroll of fear {unknown}
 n - 9 scrolls of identify {unknown}
 o - a scroll of magic mapping {unknown}
 r - a scroll of blinking {unknown}
 s - 2 scrolls of enchant weapon {unknown}
 t - a scroll of noise {unknown}
 v - 2 scrolls of enchant armour {unknown}
 z - a scroll of silence {unknown}
 C - a scroll of teleportation {unknown}
Potions
 g - 3 potions of agility {unknown}
 k - 2 potions of flight {unknown}
 p - 2 potions of lignification {unknown}
 q - 2 potions of poison {unknown}
 x - 4 potions of curing {@q1}
 A - a potion of might
 H - 2 potions of haste {unknown}
 I - a potion of cancellation {unknown}
 J - a potion of resistance {unknown}
 M - 2 potions of heal wounds {unknown}
Books
 c - a book of Changes

   Spells                             Type                      Level
   a - Beastly Appendage              Transmutation                1
   b - Sticks to Snakes               Transmutation                2
   c - Spider Form                    Transmutation/Poison         3
   d - Ice Form                       Ice/Transmutation            4
   e - Blade Hands                    Transmutation                5
Comestibles
 d - 4 bread rations {@e1}
 u - 3 beef jerkies
 D - 6 chunks of flesh {@w0}
 F - 4 meat rations {@e2}
 G - a fruit


   Skills:
 + Level 7.8(12.8) Fighting
 + Level 5.1(10.1) Dodging
 - Level 2.5(7.5) Stealth
 + Level 9.4(14.4) Unarmed Combat
 - Level 2.0 Spellcasting
 + Level 8.8 Transmutations
 - Level 5.2 Ice Magic


You had 4 spell levels left.
You knew the following spells:

 Your Spells              Type           Power        Failure   Level  Hunger
a - Beastly Appendage     Trmt           ###...       1%          1    ##.....
b - Sticks to Snakes      Trmt           ###.......   1%          2    ###....
c - Spider Form           Trmt/Pois      ##........   17%         3    ####...
d - Ice Form              Ice/Trmt       ###.....     17%         4    #####..


Dungeon Overview and Level Annotations

Branches:
Dungeon (10/15)            Temple (1/1) D:7            Lair (0/8) D:10
    Orc: D:9-12

Altars:
Ashenzari
Cheibriados
Dithmenos
Elyvilon
Fedhas
Kikubaaqudgha
Makhleb
Nemelex Xobeh
Okawaru
Qazlal
Ru
Sif Muna
Trog
Vehumet
Xom
Yredelemnul
Zin
The Shining One

Annotations:
D:6 exclusion: Grinder, Grinder


Innate Abilities, Weirdness & Mutations

You cannot wear boots.
Your serpentine skin is tough (AC +3).
You have supernaturally acute eyesight.
Armour fits poorly on your strangely shaped body.
Your system is resistant to poisons.
You cover ground very slowly.
You have a slow metabolism.
You can spit poison.


Message History

You hit the troll.
The troll is heavily wounded.
The troll bites you.
* * * LOW HITPOINT WARNING * * *
The troll claws you!
* * * LOW HITPOINT WARNING * * *
The troll claws you!
* * * LOW HITPOINT WARNING * * *
You take 21 damage, and have 6/103 hp.
MASSIVE DAMAGE!!
You now have 0/14 mp.
You hit the troll.
The troll is heavily wounded.
The troll bites you.
* * * LOW HITPOINT WARNING * * *
The troll closely misses you. The troll misses you.
You take 2 damage, and have 4/103 hp.
Unknown command.
You punch the troll!
The troll is almost dead.
The troll bites you.
You die...

P.P.P...P...█ █.███
.P...PP...██ █...
P..P..P....█ █..
.P████P..P.████ █.█
█>.█P.P)....███.█
█......P........█
.████..P..██.███<██
P....P.P...██.█....████.█
P.....P...OT@...........█
.PPP......███.█..)÷█.█.██
..P.P....)█ █.█.█.██.█ █
.!.....██.███.█†█.██.█.█
...█..........█.█.██.█.█
.█.████ █.████)...)...█
█.█ █...█.█.█.█ █.█
█..███..██ █...██ ██..█


You could see a troll and an ogre.

Vanquished Creatures
  A hill giant (D:10)
  Pikel (D:9)
  Maurice (D:8)
  A troll (D:9)
  A two-headed ogre (D:10)
  6 yaks
  A wyvern (D:8)
  A deep elf fighter (D:10)
  Menkaure (D:7)
  A sky beast (D:5)
  7 ogres
  An ice beast (D:5)
  2 slaves (D:9)
  2 centaurs
  3 orc warriors
  3 phantoms
  3 crocodiles
  5 giant frogs
  A water moccasin zombie (D:9)
  7 scorpions
  2 crimson imps (D:6)
  A giant frog zombie (D:8)
  6 hounds
  A quasit (D:10)
  Crazy Yiuf (D:2)
  A giant frog skeleton (D:9)
  6 orc priests
  Ijyb (D:3)
  5 jellies
  2 centaur zombies (D:5)
  7 worker ants
  Natasha (D:3)
  8 orc wizards
  An iguana (D:9)
  3 gnolls (D:3)
  12 adders
  A shadow imp (D:8)
  A white imp (D:8)
  2 adder skeletons
  5 worms
  6 giant geckos
  41 orcs
  8 giant cockroaches
  15 goblins
  5 hobgoblins
  20 jackals
  9 kobolds
  7 quokkas
  16 bats
  6 giant newts
  A goblin skeleton (D:8)
  3 hobgoblin zombies (D:8)
  2 kobold zombies (D:8)
  2 orc skeletons (D:8)
  An orc zombie (D:8)
  20 rats
278 creatures vanquished.

Vanquished Creatures (collateral kills)
  A scorpion (D:1)
1 creature vanquished.

Grand Total: 279 creatures vanquished

Notes
Turn   | Place    | Note
--------------------------------------------------------------
     0 | D:1      | Goblin1989 the Naga Transmuter began the quest for the Orb.
     0 | D:1      | Reached XP level 1. HP: 18/18 MP: 3/3
   277 | D:1      | Reached XP level 2. HP: 18/25 MP: 3/5
   509 | D:1      | Reached skill level 1 in Stealth
  1019 | D:1      | Reached XP level 3. HP: 11/31 MP: 6/6
  1701 | D:2      | Learned a level 2 spell: Sticks to Snakes
  1892 | D:1      | Noticed a scorpion
  1902 | D:1      | Killed a scorpion
  1902 | D:1      | Reached XP level 4. HP: 14/38 MP: 3/7
  2160 | D:2      | Found a blossoming altar of Fedhas.
  2221 | D:2      | Learned a level 3 spell: Spider Form
  2537 | D:2      | Found a glowing silver altar of Zin.
  2662 | D:2      | Noticed Crazy Yiuf
  2682 | D:2      | Killed Crazy Yiuf
  2682 | D:2      | Reached XP level 5. HP: 19/44 MP: 2/8
  2900 | D:2      | Reached skill level 4 in Transmutations
  3029 | D:3      | Found a basalt altar of Yredelemnul.
  3036 | D:3      | Noticed Ijyb
  3076 | D:3      | Killed Ijyb
  3799 | D:3      | Reached skill level 5 in Transmutations
  4136 | D:3      | Reached XP level 6. HP: 41/51 MP: 5/9
  4272 | D:3      | jacquesderrida: Gremlin
  4382 | D:3      | Goblin1989: jd
  4382 | D:3      | jacquesderrida: hi
  4382 | D:3      | jacquesderrida: it me
  4382 | D:3      | Goblin1989: когда новый бог в транке будет?
  4382 | D:3      | Goblin1989: инфа есть7
  4461 | D:3      | jacquesderrida: Непонятно...
  4503 | D:3      | jacquesderrida: Когда фаза обката пройдет
  4512 | D:3      | jacquesderrida: Там до сих пор всякое меняют
  4513 | D:3      | Goblin1989: хм
  4513 | D:3      | Goblin1989: в 0.19 почти сразу добавили
  4513 | D:3      | Goblin1989: один будет?
  4513 | D:3      | Goblin1989: а рассу новую подкатят?
  4766 | D:3      | Found a shattered altar of Ashenzari.
  4816 | D:3      | Found a sacrificial altar of Ru.
  5300 | D:3      | Noticed Natasha
  5312 | D:3      | Killed Natasha
  5455 | D:3      | Found a bloodstained altar of Trog.
  5603 | D:4      | Found a burning altar of Makhleb.
  5625 | D:4      | Reached skill level 5 in Unarmed Combat
  5625 | D:4      | Reached XP level 7. HP: 53/57 MP: 3/10
  5635 | D:4      | Reached skill level 6 in Transmutations
  5637 | D:4      | jacquesderrida: Кого в 19?
  5637 | D:4      | Goblin1989: хепла и уськава
  5637 | D:4      | jacquesderrida: Не ебу; может, в таверне что-то скажут
  6427 | D:4      | Found a stormy altar of Qazlal.
  6500 | D:5      | Entered Level 5 of the Dungeon
  6525 | D:5      | Found a white marble altar of Elyvilon.
  6545 | D:5      | Learned a level 4 spell: Ice Form
  6641 | D:5      | Reached skill level 1 in Ice Magic
  6641 | D:5      | Reached XP level 8. HP: 46/69 MP: 3/11
  7139 | D:5      | Found a sparkling altar of Nemelex Xobeh.
  7664 | D:6      | Reached skill level 7 in Unarmed Combat
  7664 | D:6      | Reached XP level 9. HP: 79/79 MP: 8/12
  7683 | D:6      | Reached skill level 5 in Ice Magic
  8085 | D:6      | Found a shimmering altar of Xom.
  8202 | D:6      | Reached skill level 5 in Fighting
  8269 | D:6      | Noticed Grinder
  8566 | D:7      | Found a staircase to the Ecumenical Temple.
  8567 | D:7      | Noticed Menkaure
  8583 | D:7      | Killed Menkaure
  8588 | Temple   | Entered the Ecumenical Temple
  8692 | Temple   | Became a worshipper of Warmaster Okawaru
  9128 | D:8      | Found a glowing golden altar of the Shining One.
  9167 | D:8      | Noticed Maurice
  9179 | D:8      | Killed Maurice
  9179 | D:8      | Reached skill level 8 in Unarmed Combat
  9263 | D:8      | Reached * piety under Okawaru
  9263 | D:8      | Reached XP level 10. HP: 91/91 MP: 3/13
  9748 | D:8      | Found a shadowy altar of Dithmenos.
 10245 | D:9      | Found a snail-covered altar of Cheibriados.
 10648 | D:9      | Noticed Pikel
 10663 | D:9      | Killed Pikel
 10663 | D:9      | Reached ** piety under Okawaru
 11103 | D:9      | Reached *** piety under Okawaru
 11108 | D:9      | Reached skill level 9 in Unarmed Combat
 11433 | D:9      | Found an ancient bone altar of Kikubaaqudgha.
 11556 | D:10     | Entered Level 10 of the Dungeon
 11615 | D:10     | Noticed a hill giant
 11628 | D:10     | Killed a hill giant
 11628 | D:10     | Reached skill level 5 in Dodging
 11628 | D:10     | Reached XP level 11. HP: 92/100 MP: 11/14
 11640 | D:10     | Reached **** piety under Okawaru
 11831 | D:10     | Found a staircase to the Lair.
 11871 | D:10     | HP: 4/103 [troll (2)]
 11872 | D:10     | Slain by a troll

Action                   |  1- 3 |  4- 6 |  7- 9 | 10-12 || total
-------------------------+-------+-------+-------+-------++-------
Melee: Unarmed           |   144 |   334 |   445 |   266 ||  1189
 Cast: Beastly Appendage |     8 |    12 |     3 |       ||    23
       Sticks to Snakes  |     3 |    10 |       |       ||    13
       Spider Form       |       |    10 |    34 |    10 ||    54
       Ice Form          |       |       |     2 |     7 ||     9
Invok: Heroism           |       |       |       |     1 ||     1
 Abil: Spit Poison       |       |       |     1 |       ||     1
  Use: Potion            |       |       |       |     1 ||     1
 Stab: Sleeping          |     2 |     5 |    16 |     2 ||    25
       Distracted        |     1 |       |     1 |       ||     2
  Eat: Chunk             |     2 |    13 |    18 |     8 ||    41
       Pizza             |       |       |       |     1 ||     1

Vault maps used:
D:1:      noname_arrival_rooms_in_the_neighbourhood, serial_bayou_pond_c
D:2:      lemuel_crystal_altar, old_standard_altar, serial_glass,
          glass_columns_a, glass_columns_a, glass_columns_a, glass_columns_b,
          glass_columns_b, glass_columns_b, glass_columns_a, glass_columns_b,
          glass_columns_a, glass_columns_c, grunt_decor_resistance,
          uniq_crazy_yiuf_cottage
D:3:      lemuel_round_altar, cheibrodos_ashenzari_chains, lemuel_round_altar,
          overflow_temple_1_default, uniq_iyjb, uniq_natasha
D:4:      lemuel_round_altar, grunt_ministairs_5, makhleb_heckhound_becter
D:5:      lemuel_crystal_altar, first_bread, nemelex_deck
D:6:      nicolae_overflow_hidden_temple, basic_altar, uniq_grinder
D:7:      minmay_temple_entry_butterflies, dk_vineyard_2, uniq_menkaure
D:8:      grunt_dithmenos_shadows, nicolae_tso_besieged_by_evil, uniq_maurice
D:9:      cheibriados_altar_1, lemuel_doored_altar, uniq_pikel
D:10:     grunt_lair_entry_elf_guard_hut
Temple:   circular_temple_6
